 Dungeon Crawl Stone Soup version 0.29-a0-886-gfb1a3fa8b1 (webtiles) character file.

Game seed: 2350096424895575359

161 TheBestFelid the Sneak (level 5, -2/21 HPs)
             Began as a Felid Enchanter on July 21, 2022.
             Frozen to death by an endoplasm (5 damage)
             ... on level 4 of the Dungeon.
             The game lasted 00:06:56 (5073 turns).

TheBestFelid the Sneak (Felid Enchanter)            Turns: 5073, Time: 00:06:56

Health: -2/21      AC:  2    Str:  4    XL:     5   Next: 18%
Magic:  9/9        EV: 19    Int: 18    God:
Gold:   133        SH:  0    Dex: 17    Spells: 3/8 levels left
                                        Lives:  0   Deaths: 1

rFire   . . .      SeeInvis +     - Unarmed
rCold   . . .      Faith    .   (shield unavailable)
rNeg    . . .      Spirit   .   (body armour unavailable)
rPois   .          Reflect  .   (helmet unavailable)
rElec   .          Harm     .   (cloak unavailable)
rCorr   .          Rampage  .   (gloves unavailable)
Will    .....                   (boots unavailable)
Stlth   ++++......              (no amulet)
HPRegen 0.07/turn               (no ring)
MPRegen 0.11/turn               (no ring)

@: quick
A: very small, claws 1, fangs 3, see invisible, speed 1, shaggy fur 2, stealthy
paws, no weapons or thrown items, no armour, multi-lived
a: no special abilities


You were on level 4 of the Dungeon.
You visited 1 branch of the dungeon, and saw 4 of its levels.

You collected 133 gold pieces.

Inventory:

Jewellery
 g - a +6 ring of intelligence
Scrolls
 b - a scroll of magic mapping {unknown}
 d - a scroll of blinking {unknown}
 e - 4 scrolls of identify {unknown}
 i - 2 scrolls of fear {unknown}
Potions
 a - 2 potions of invisibility
 c - 2 potions of cancellation {unknown}
 f - a potion of brilliance {unknown}
 h - a potion of magic {unknown}
 j - 2 potions of attraction {unknown}


   Skills:
 + Level 5.1 Dodging
 + Level 6.7 Stealth
 + Level 3.4 Unarmed Combat
 - Level 2.0 Spellcasting
 - Level 4.7 Hexes


You had 3 spell levels left.
You knew the following spells:

 Your Spells              Type           Power      Damage    Failure   Level
a - Ensorcelled Hibernat  Hex/Ice        20%        N/A       11%         2
b - Confusing Touch       Hex            19%        N/A       8%          3

Your spell library contained the following spells:

 Spells                   Type           Power      Damage    Failure   Level
 Tukima's Dance           Hex            19%        N/A       8%          3
 Dazzling Flash           Conj/Hex       20%        N/A       21%         3


Dungeon Overview and Level Annotations

Branches:
Dungeon (4/15)
 Temple: D:4-7

Altars:

Annotations:
D:3 Grinder, Robin


Innate Abilities, Weirdness & Mutations

You have sharp claws.
You have razor-sharp teeth.
You have supernaturally acute eyesight. (SInv)
You cover ground quickly. (Speed+)
You are covered in thick fur. (AC +2)
Your paws help you pounce on unaware monsters.
You are incapable of wielding weapons or throwing items.
You cannot wear armour.
You gain extra lives every three experience levels.


Message History

Partly explored, can't reach some items and places.
Partly explored, can't reach some items and places.
Partly explored, can't reach some items and places.
No target in view!
There is a stone staircase leading down here.
You climb downwards.
Found a sedimented black potion, 3 stones and a robe.
There is a stone staircase leading up here.
An endoplasm comes into view.
Found a quarterstaff.
An endoplasm is nearby!
An endoplasm is nearby!
An endoplasm is nearby!
An endoplasm is nearby!
The endoplasm quivers.
The endoplasm freezes you.
You are frozen.
The endoplasm closely misses you. The endoplasm barely misses you.
The endoplasm freezes you.
You are frozen.
The endoplasm closely misses you. The endoplasm freezes you.
You are frozen.
The endoplasm closely misses you. The endoplasm misses you.
The endoplasm hits you. The endoplasm misses you. The endoplasm freezes you.
You are frozen.
* * * LOW HITPOINT WARNING * * *
The endoplasm misses you. The endoplasm closely misses you.
The endoplasm freezes you.
You are frozen.
* * * LOW HITPOINT WARNING * * *
The endoplasm hits you but does no damage.
The endoplasm freezes you.
You are frozen.
You die...

###).. .#...# ##?
.?..# #..# #(#[#
#..##.^!.
#..#...# #....J#
######...@#####..
................#
..........##.####
.......<..# #
..........#
#######...#
#.#... .......
..........


You could see an endoplasm.

Vanquished Creatures
  Sigmund (D:3)
  Natasha (thrice) (D:3)
  3 adders
  A worm (D:3)
  2 dart slugs (D:1)
  3 orcs (D:3)
  A ball python (D:1)
  3 bats
  2 endoplasms
  2 giant cockroaches
  9 hobgoblins
  3 jackals (D:2)
  4 kobolds
  A quokka (D:3)
  5 frilled lizards
  7 goblins
  2 rats (D:3)
52 creatures vanquished.

Notes
Turn   | Place    | Note
-------+----------+-------------------------------------------
     0 | D:1      | TheBestFelid the Felid Enchanter began the quest for the
                  | Orb.
     0 | D:1      | Reached XP level 1. HP: 7/7 MP: 4/4
   942 | D:1      | Reached XP level 2. HP: 11/11 MP: 6/6
  1992 | D:2      | Reached XP level 3. HP: 14/14 MP: 7/7
  2035 | D:2      | Learned a level 2 spell: Ensorcelled Hibernation
  2133 | D:2      | Reached skill level 5 in Stealth
  3360 | D:3      | Noticed Grinder
  3733 | D:3      | Noticed Robin
  3747 | D:3      | Noticed Sigmund
  4005 | D:3      | Reached XP level 4. HP: 18/18 MP: 8/8
  4012 | D:3      | Noticed Natasha
  4022 | D:3      | Killed Natasha
  4234 | D:3      | Killed Sigmund
  4235 | D:3      | Reached skill level 6 in Stealth
  4235 | D:3      | Reached XP level 5. HP: 12/21 MP: 6/9
  4659 | D:3      | Noticed Natasha
  4666 | D:3      | Killed Natasha
  4667 | D:3      | Reached skill level 5 in Dodging
  4667 | D:3      | Gained mutation: You are covered in thick fur. (AC +2)
                  | [Felid growth]
  4667 | D:3      | Reached XP level 6. HP: 24/24 MP: 7/10
  4733 | D:3      | Noticed Natasha
  4740 | D:3      | Killed Natasha
  5004 | D:3      | Learned a level 3 spell: Confusing Touch
  5011 | D:3      | Paralysed by Grinder for 4 turns
  5031 | D:3      | Slain by Grinder
  5032 | D:3      | Reached XP level 5. HP: -1/21 MP: 9/9
  5073 | D:4      | Frozen to death by an endoplasm

Illustrated notes

Levels and vault maps discovered:
D:1:      saegor_arrival_simple_a, layout_loops_ring, minmay_cupped
D:2:      layout_basic, kennysheep_cross_room
D:3:      layout_loops_ring, serial_glass, glass_columns_b, glass_columns_a,
          glass_columns_b, glass_columns_a, ebering_ghost_disaster_area,
          minivault_11, uniq_sigmund, uniq_robin, uniq_natasha, uniq_grinder
D:4:      layout_rooms, mainiacjoe_overflow_catwalk, nicolae_take_the_stairs,
          nrook_mini_vaults, minmay_circle_x

Skill      XL: |  1  2  3  4  5 |
---------------+----------------+-----
Dodging        | 3 4 5 |  5.1
Stealth        | 5 6 |  6.7
Unarmed Combat | 2 3 |  3.4
Spellcasting   | |  2.0
Hexes          | |  4.7

Action                   |  1- 3 |  4- 6 || total
-------------------------+-------+-------++-------
Melee: Unarmed           |    91 |    24 ||   115
       Bite              |     8 |       ||     8
       Punch             |     3 |       ||     3
 Cast: Ensorcelled Hiber |    17 |    10 ||    27
       Confusing Touch   |       |     1 ||     1
 Stab: Sleeping          |    20 |    14 ||    34
       Distracted        |     2 |       ||     2
Armor: Skin              |     2 |     1 ||     3
Dodge: Dodged            |    74 |    14 ||    88

Table legend: (Time is in decaauts)
 A = Elapsed time spent in this place.
 B = Non-inter-level travel time spent in this place.
 C = Inter-level travel time spent in this place.
 D = Time resting spent in this place.
 E = Time spent auto-exploring this place.
 F = Levels seen in this place.
 G = Mean time per level.
                   A        B        C        D        E       F      G
               +--------+--------+--------+--------+--------+-----+--------+
         Total |   4547 |   4443 |    104 |   1445 |   2351 |   4 | 1136.8 |
       Dungeon |   4547 |   4443 |    104 |   1445 |   2351 |   4 | 1136.8 |
               +--------+--------+--------+--------+--------+-----+--------+

Top non-repeatable levels by time:
     D:3: 1523 daAuts
     D:2: 1500 daAuts
     D:1: 1496 daAuts
     D:4: 27 daAuts
